 Dungeon Crawl Stone Soup version 0.27-a0-1548-gf8a67e7463 (webtiles) character file.

Game seed: 12701610464857690198

38 BorisBritva the Ruffian (level 3, -5/23 HPs)
             Began as a Gargoyle Monk on July 13, 2021.
             Slain by a worm (7 damage)
             ... on level 1 of the Dungeon.
             The game lasted 00:03:02 (1737 turns).

BorisBritva the Ruffian (Gargoyle Monk)             Turns: 1737, Time: 00:03:03

Health: -5/23      AC: 11    Str: 15    XL:     3   Next: 43%
Magic:  3/3        EV:  7    Int: 10    God:
Gold:   28         SH:  0    Dex: 12    Spells: 2/2 levels left

rFire    . . .     SeeInvis .     - Unarmed
rCold    . . .     Faith    .   (no shield)
rNeg     + . .     Spirit   .   c - +0 chain mail
rPois    ∞         Reflect  .   (no helmet)
rElec    +         Harm     .   (no cloak)
rCorr    .         Rampage  .   (no gloves)
Will     .....                  (no boots)
Stlth    ..........             b - amulet of the acrobat
HPRegen  0.07/turn              (no ring)
MPRegen  0.08/turn              (no ring)

@: hasted, very quick
A: sickness immunity, AC +3, negative energy resistance 1, electricity
resistance, torment resistance 1, petrification resistance
a: no special abilities


You were on level 1 of the Dungeon.
You visited 1 branch of the dungeon, and saw 2 of its levels.

You collected 28 gold pieces.

Inventory:

Armour
 c - a +0 chain mail (worn)
Jewellery
 b - an amulet of the acrobat (around neck)
Scrolls
 d - a scroll of brand weapon {unknown}
Potions
 a - 2 potions of haste
 e - a potion of curing {unknown}


   Skills:
 + Level 3.5 Fighting
 * Level 1.2 Armour
 + Level 2.7 Dodging
 - Level 2.1 Stealth
 + Level 3.6 Unarmed Combat


You had 2 spell levels left.
You didn't know any spells.
Your spell library was empty.

Dungeon Overview and Level Annotations

Branches:
Dungeon (2/15)

Altars:

Annotations:
D:1 Robin


Innate Abilities, Weirdness & Mutations

You are immune to sickness and miasma.
Your stone body is resilient. (AC +3)
You are immune to poison.
You resist negative energy. (rN+)
You are resistant to electric shocks. (rElec)
You are resistant to unholy torment.
You are immune to petrification.


Message History

The worm bites you. Robin hits you but does no damage.
The goblin hits you but does no damage.
You climb upwards.
There is a stone staircase leading down here.
It was a potion of haste.
You feel yourself speed up.
The goblin no longer looks unusually strong.
Robin closely misses you. The worm bites you but does no damage.
The goblin hits you with a +0 club.
* * * LOW HITPOINT WARNING * * *
Robin roars a battlecry!
The goblin goes into a battle-frenzy!
The goblin misses you. The goblin misses you.
You barely miss the goblin. You completely miss the goblin.
The goblin hits you but does no damage.
You barely miss the goblin. You hit the goblin.
You kill the goblin!
You hit the worm.
The worm is lightly wounded.
Robin hits you but does no damage. The worm barely misses you.
You hit the worm.
The worm is moderately wounded.
Robin closely misses you.
You hit the worm.
The worm is heavily wounded.
The worm bites you.
* * * LOW HITPOINT WARNING * * *
You hit the worm.
The worm is heavily wounded.
Robin hits you with a +0 club.
* * * LOW HITPOINT WARNING * * *
You hit the worm.
The worm is severely wounded.
Robin hits you with a +0 club.
* * * LOW HITPOINT WARNING * * *
You hit the worm.
The worm is severely wounded.
The worm bites you!
You die...

############ #..........# #
#..........###### #
#....)..........# #
#########.......# # #.......# #
#.......# #.@.....# #g)w....#
#.......#########
###############...............#
..............................#
###################)>.........#
###################..)........#
#
...##...##.#..#.<##...........#
#
.#....##.#..##..###..........[#
#


You could see a worm and Robin.

Vanquished Creatures
  2 endoplasms (D:1)
  15 goblins
  2 hobgoblins (D:1)
  4 kobolds (D:1)
  3 ball pythons (D:1)
  A bat (D:1)
  3 frilled lizards (D:1)
  2 rats (D:1)
32 creatures vanquished.

Notes
Turn   | Place    | Note
-------+----------+-------------------------------------------
     0 | D:1      | BorisBritva the Gargoyle Monk began the quest for the Orb.
     0 | D:1      | Reached XP level 1. HP: 14/14 MP: 1/1
   376 | D:1      | Reached XP level 2. HP: 19/19 MP: 2/2
  1366 | D:2      | Noticed Robin
  1372 | D:2      | Reached skill level 1 in Armour
  1377 | D:2      | Reached XP level 3. HP: 14/23 MP: 3/3
  1393 | D:1      | HP: 1/23 [goblin[Robin] (1)]
  1737 | D:1      | Slain by a worm

Illustrated notes

Levels and vault maps discovered:
D:1:      erik_arrival_cave_to_civilisation [erik_arrival_cave_to_hall],
          layout_basic
D:2:      layout_loops_corners, uniq_terence, uniq_natasha, uniq_robin

Skill      XL: |  1  2 |
---------------+-------+-----
Armour         | 1 |  1.2
Fighting       | |  3.5
Dodging        | |  2.7
Stealth        | |  2.1
Unarmed Combat | |  3.6

Action                   || total
-------------------------++-------
Melee: Unarmed           ||   125
       Punch             ||     1
  Use: Potion            ||     1
Armor: Leather armour    ||     4
       Robe              ||     3
       Chain mail        ||    73
Dodge: Dodged            ||    39

Table legend: (Time is in decaauts)
 A = Elapsed time spent in this place.
 B = Non-inter-level travel time spent in this place.
 C = Inter-level travel time spent in this place.
 D = Time resting spent in this place.
 E = Time spent auto-exploring this place.
 F = Levels seen in this place.
 G = Mean time per level.
                   A        B        C        D        E       F      G
               +--------+--------+--------+--------+--------+-----+--------+
         Total |   1726 |   1610 |    116 |      0 |   1379 |   2 |  863.0 |
       Dungeon |   1726 |   1610 |    116 |      0 |   1379 |   2 |  863.0 |
               +--------+--------+--------+--------+--------+-----+--------+

Top non-repeatable levels by time:
     D:1: 1689 daAuts
     D:2: 36 daAuts
